Map: Catalyst LE

Players

Elazer

  • Race: Zerg Zerg
  • League: Master
  • Spawn Location: 11:00

Solar - Winner!

  • Race: Zerg Zerg
  • Spawn Location: 5:00

Event: HomeStory Cup XVI

VOD

Have the link to the VOD?

Description

Time

  • Played on: Nov. 12, 2017, 7:32 a.m.
  • Length: 6:19

All games in this series

Show
View Real Time Build Order
Export as new Build Order

Elazer Zerg 

Build Orders: Hatch First 

Get SALT Encoding   

  12  0:00  Drone  
  13  0:12  Overlord  
  13  0:17  Drone  
  14  0:30  Drone x2  
  14  0:34  Drone  
  17  0:51  Hatchery  
  17  0:54  Drone  
  17  0:57  Drone  
  18  1:08  Extractor  
  17  1:12  Spawning Pool  
  17  1:15  Drone  
  17  1:19  Drone  
  18  1:27  Drone  
  19  1:38  Drone  
  20  1:50  Drone  
  21  2:00  Overlord  
  21  2:02  Queen x2  
  21  2:03  Zergling x2  
  26  2:11  Metabolic Boost  
  26  2:12  Drone  
  26  2:15  Drone  
  28  2:22  Drone  
  29  2:24  Drone  
  30  2:34  Hatchery  
  30  2:36  Zergling x2  
  30  2:39  Drone  
  31  2:48  Baneling Nest  
  31  2:50  Overlord  
  30  2:52  Zergling x2  
  30  2:57  Zergling x2  
  30  2:58  Drone  
  33  3:10  Drone, Zergling x2  
  33  3:12  Drone x2  
  37  3:13  Queen  
  39  3:20  Drone  
  39  3:22  Drone  
  39  3:23  Drone  
  42  3:30  Drone x2  
  42  3:31  Baneling  
  42  3:32  Baneling  
  44  3:38  Extractor, Roach Warren  
  44  3:40  Overlord  
  41  3:42  Baneling x2  
  41  3:47  Zergling x6  
  44  3:54  Queen  
  46  4:00  Overlord  
  46  4:01  Drone  
  46  4:06  Overlord  
  46  4:07  Drone x2  
  46  4:09  Overlord  
  48  4:14  Drone  
  48  4:15  Drone x2  
  51  4:19  Drone  
  51  4:21  Drone  
  53  4:25  Drone  
  53  4:26  Drone x2  
  53  4:28  Drone  
  57  4:38  Overlord  
  57  4:39  Drone x3  
  57  4:40  Drone  
  57  4:43  Extractor  
  57  4:44  Evolution Chamber, Baneling x2  
  59  4:59  Drone x2  
  49  5:01  Drone x2  
  49  5:03  Drone x2  
  49  5:06  Drone x6  
  58  5:07  Drone  
  58  5:14  Drone  
  57  5:27  Overlord  
  57  5:28  Drone x2  
  59  5:35  Roach x4  
  67  5:38  Roach  
  67  5:40  Roach  
  67  5:41  Roach  
  72  5:46  Roach  
  73  5:50  Roach  
  73  5:51  Roach  
  73  5:52  Extractor  
  73  5:56  Overlord  
  76  6:03  Drone x2  
  82  6:06  Drone x2  
Show
View Real Time Build Order
Export as new Build Order

Solar Zerg - Winner!

Build Orders: Hatch First 

Get SALT Encoding   

  12  0:00  Drone  
  13  0:11  Overlord  
  13  0:16  Drone  
  14  0:30  Drone x2  
  14  0:34  Drone  
  17  0:52  Hatchery  
  17  0:55  Drone  
  17  0:57  Drone  
  17  1:02  Extractor  
  17  1:13  Spawning Pool  
  17  1:15  Drone  
  17  1:19  Drone  
  18  1:27  Drone  
  19  1:37  Overlord  
  19  2:00  Queen  
  22  2:01  Metabolic Boost, Zergling x4  
  22  2:03  Queen  
  22  2:07  Zergling x2  
  26  2:12  Drone  
  26  2:15  Drone  
  28  2:21  Drone  
  29  2:32  Drone  
  30  2:38  Hatchery  
  30  2:41  Drone  
  30  2:42  Drone  
  31  2:46  Overlord  
  31  2:56  Baneling Nest, Drone  
  31  2:57  Drone  
  32  3:00  Drone  
  32  3:04  Drone  
  34  3:09  Drone  
  34  3:10  Drone  
  36  3:14  Zergling x6  
  36  3:16  Zergling x2  
  36  3:19  Zergling x2  
  41  3:20  Zergling x2  
  41  3:26  Overlord  
  41  3:27  Drone  
  41  3:33  Drone  
  43  3:41  Baneling  
  43  3:42  Overlord  
  43  3:45  Drone x5  
  43  3:47  Zergling x2  
  49  3:52  Queen  
  51  3:56  Drone  
  51  3:58  Drone x2  
  54  4:06  Overlord  
  54  4:07  Baneling x2  
  54  4:09  Baneling x2  
  54  4:12  Drone x2  
  56  4:17  Drone x2  
  56  4:18  Drone x3  
  56  4:19  Extractor  
  56  4:20  Zergling x2  
  56  4:22  Drone  
  56  4:23  Drone  
  63  4:25  Drone  
  63  4:27  Overlord  
  63  4:32  Evolution Chamber  
  63  4:34  Overlord  
  61  4:39  Lair  
  61  4:41  Roach Warren  
  61  4:43  Overlord  
  60  4:46  Drone  
  60  4:47  Extractor  
  60  4:49  Drone x2  
  60  4:51  Drone  
  63  4:52  Drone  
  63  4:53  Drone x2  
  65  5:00  Zergling x4  
  65  5:02  Zergling x6  
  65  5:05  Baneling, Zergling x2  
  65  5:07  Zergling x4  
  71  5:10  Extractor  
  65  5:15  Drone x2  
  65  5:20  Overlord  
  65  5:23  Drone  
  65  5:24  Roach  
  65  5:27  Roach x2  
  71  5:35  Roach  
  73  5:36  Roach  
  73  5:37  Roach  
  77  5:44  Roach  
  77  5:47  Drone x2  
  75  5:53  Baneling x2  
  75  5:54  Baneling x2  
  75  5:56  Drone x3  
  75  5:57  Roach x3, Drone  
  79  5:58  Roach  
  79  6:00  Roach, Overlord  
Tags
 
Add a new tag
Caveats
  • Supply blocks, unpowered buildings, or Contaminate may cause inaccurate times.
  • Supply counts are checked every 10 seconds.